Map: 国王藏宝地-天梯版

Players

Probe - Winner!

  • Race: Protoss Protoss
  • League: Platinum

Ryu

  • Race: Zerg Zerg
  • League: Master

Event: WESG 2018 Grand Finals

VOD

Have the link to the VOD?

Description

Time

  • Played on: March 12, 2019, 6:25 a.m.
  • Length: 13:40

All games in this series

Show
View Real Time Build Order
Export as new Build Order

Probe Protoss - Winner!

Build Orders: 1 Gate Expand, Oracle Opening, Phoenix Opening, Chargelot Immortal 

Get SALT Encoding   

  12  0:01  Probe  
  13  0:13  Probe  
  14  0:19  Pylon  
  14  0:25  Probe  
  15  0:33  Probe  
  15  0:40  Gateway  
  15  0:42  Probe  
  16  0:49  Assimilator  
  17  0:52  Probe  
  19  1:04  Probe  
  19  1:16  Probe  
  20  1:26  Nexus  
  20  1:37  Cybernetics Core  
  20  1:40  Probe  
  21  1:47  Assimilator  
  21  1:52  Probe  
  22  1:55  Pylon  
  22  2:02  Probe  
  22  2:03  Adept  
  23  2:10  Probe  
  26  2:18  Probe  
  26  2:22  Stargate  
  27  2:32  Probe  
  27  2:33  Adept  
  27  2:35  Probe  
  30  2:37  Warp Gate  
  30  2:44  Probe  
  32  2:45  Probe  
  33  2:56  Probe  
  33  2:57  Probe  
  35  2:59  Phoenix  
  35  3:08  Probe  
  35  3:09  Probe  
  35  3:11  Pylon  
  39  3:20  Probe  
  39  3:21  Probe  
  39  3:22  Oracle  
  44  3:31  Assimilator  
  44  3:32  Probe, Assimilator  
  44  3:33  Probe  
  46  3:42  Gateway  
  46  3:44  Probe  
  46  3:45  Probe  
  48  3:55  Stargate  
  48  3:56  Probe  
  48  3:57  Probe  
  48  3:59  Pylon  
  50  4:06  Phoenix  
  50  4:08  Probe  
  50  4:09  Probe  
  52  4:13  Pylon  
  54  4:20  Probe  
  54  4:21  Probe  
  56  4:25  Adept  
  56  4:27  Phoenix  
  56  4:30  Pylon  
  58  4:33  Probe  
  58  4:34  Phoenix  
  61  4:40  Adept  
  61  4:43  Pylon  
  65  4:45  Adept  
  65  4:49  Phoenix  
  67  4:56  Phoenix  
  71  5:00  Probe x2  
  73  5:09  Nexus  
  73  5:13  Shield Battery  
  73  5:21  Robotics Facility  
  73  5:24  Robotics Facility  
  75  5:30  Sentry x2  
  75  5:34  Pylon  
  79  5:40  Gateway  
  79  5:41  Probe  
  79  5:42  Probe, Gateway  
  79  5:53  Probe  
  79  5:54  Probe  
  81  6:00  Immortal  
  81  6:01  Immortal  
  81  6:05  Probe  
  81  6:06  Probe  
  87  6:17  Probe  
  87  6:18  Probe  
  93  6:24  Pylon, Probe  
  93  6:27  Pylon  
  93  6:28  Twilight Council  
  93  6:29  Probe  
  93  6:30  Probe  
  93  6:31  Forge  
  93  6:32  Probe, Immortal  
  96  6:39  Observer  
  101  6:41  Probe  
  103  6:50  Probe x2  
  105  6:54  Immortal  
  105  6:55  Pylon  
  105  6:58  Protoss Ground Weapons Level 1  
  105  6:59  Charge  
  105  7:01  Pylon  
  105  7:07  Probe x3  
  112  7:09  Immortal  
  116  7:20  Assimilator  
  116  7:21  Templar Archives  
  116  7:22  Assimilator  
  116  7:23  Pylon  
  116  7:33  Zealot x3  
  116  7:34  Zealot  
  116  7:36  Gateway  
  124  7:42  Gateway x2  
  124  7:45  Gateway  
  124  7:47  Immortal  
  124  7:50  Psionic Storm  
  128  7:53  Immortal  
  132  8:03  Pylon  
  132  8:04  Pylon  
  132  8:05  High Templar x2  
  134  8:12  Zealot x2  
  138  8:17  Pylon x2  
  138  8:19  Pylon  
  140  8:27  Immortal  
  144  8:37  High Templar x2  
  144  8:39  Photon Cannon  
  148  8:41  High Templar  
  148  8:42  Zealot, Photon Cannon  
  148  8:44  Photon Cannon  
  148  8:45  Warp Prism  
  154  8:58  Nexus  
  153  9:11  Immortal  
  157  9:29  Zealot x6  
  167  9:36  Zealot x2  
  159  9:50  Immortal x2  
  167  9:55  Zealot x5  
  177  10:21  Zealot x2  
  177  10:22  Zealot x5  
  177  10:28  Protoss Ground Weapons Level 2  
  177  10:29  Immortal  
  181  10:42  Immortal  
  185  10:52  High Templar  
  185  10:53  High Templar x6  
  199  10:59  Archon  
  199  11:00  Archon x2  
  197  11:05  Zealot  
  197  11:10  Pylon  
  191  11:25  Zealot x3  
  193  11:26  Zealot  
  199  11:34  Fleet Beacon  
  199  11:38  Photon Cannon  
  199  11:39  Protoss Air Weapons Level 1  
  199  11:40  Photon Cannon  
  199  11:41  Photon Cannon  
  199  11:43  Photon Cannon  
  199  11:44  Shield Battery  
  199  11:45  Pylon  
  200  11:47  Observer  
  200  11:48  Assimilator  
  200  11:54  Assimilator  
  197  12:08  Stargate  
  177  12:37  High Templar  
  177  12:38  High Templar x6  
  177  12:39  High Templar  
  177  12:43  Nexus  
  185  12:46  Archon x2  
  185  12:47  Archon  
  185  12:48  Archon, Photon Cannon  
  185  12:50  Photon Cannon  
  173  12:55  Tempest x2  
  173  12:57  Warp Prism  
  188  13:10  Stalker  
  188  13:11  Stalker x5  
Show
View Real Time Build Order
Export as new Build Order

Ryu Zerg 

Build Orders: Hatch First, Lurkers 

Get SALT Encoding   

  12  0:01  Drone  
  13  0:12  Overlord  
  13  0:18  Drone  
  14  0:31  Drone x2  
  16  0:49  Hatchery  
  15  0:53  Drone  
  15  0:56  Drone  
  17  0:59  Extractor  
  17  1:02  Drone  
  17  1:18  Spawning Pool  
  16  1:20  Drone  
  16  1:24  Drone  
  18  1:31  Drone  
  19  1:46  Overlord  
  19  2:04  Queen x2  
  19  2:05  Zergling x4  
  25  2:10  Metabolic Boost  
  25  2:15  Drone  
  26  2:19  Drone  
  26  2:21  Drone  
  28  2:25  Drone  
  29  2:30  Drone  
  29  2:36  Drone x2  
  32  2:52  Hatchery  
  32  2:53  Drone  
  32  2:56  Overlord  
  32  3:03  Queen  
  34  3:09  Drone x2  
  36  3:12  Overlord  
  36  3:16  Drone  
  36  3:17  Drone  
  38  3:21  Overlord  
  38  3:23  Drone  
  38  3:25  Drone  
  40  3:29  Drone x2  
  40  3:34  Zergling x4  
  44  3:36  Drone  
  45  3:42  Drone  
  45  3:47  Spore Crawler  
  45  3:50  Queen  
  45  3:51  Drone x3  
  45  3:54  Drone  
  51  3:59  Lair  
  51  4:01  Drone  
  52  4:05  Drone x2  
  52  4:09  Spore Crawler  
  53  4:12  Zergling x4  
  53  4:13  Drone x2  
  57  4:17  Drone  
  57  4:19  Overlord  
  58  4:31  Overlord  
  58  4:32  Overlord  
  58  4:37  Evolution Chamber  
  58  4:38  Spore Crawler, Drone x3  
  57  4:39  Drone x3  
  57  4:44  Drone  
  62  4:46  Drone  
  62  4:49  Queen  
  62  4:52  Queen  
  64  4:53  Drone  
  64  4:54  Drone  
  64  4:57  Drone x3  
  71  5:04  Hydralisk Den  
  70  5:07  Drone x3, Extractor  
  70  5:09  Extractor  
  70  5:10  Drone x3  
  70  5:12  Drone x2  
  70  5:14  Drone  
  77  5:16  Spore Crawler  
  77  5:18  Extractor x2  
  74  5:23  Extractor  
  74  5:24  Drone x3  
  74  5:25  Overlord  
  74  5:26  Baneling Nest  
  75  5:30  Drone x2  
  75  5:31  Zerg Missile Weapons Level 1  
  77  5:39  Drone x4  
  77  5:40  Drone  
  82  5:47  Drone x2  
  81  5:52  Spore Crawler  
  81  5:54  Drone  
  81  5:55  Drone, Hatchery  
  81  5:56  Lurker Den  
  76  6:05  Overlord x2, Muscular Augments  
  73  6:14  Drone x2  
  73  6:15  Drone x3  
  73  6:16  Drone x4  
  82  6:21  Overlord  
  82  6:22  Overlord  
  82  6:26  Drone x3  
  82  6:27  Drone  
  82  6:28  Overseer  
  82  6:31  Hydralisk  
  88  6:36  Hydralisk x2  
  88  6:39  Drone x2  
  94  6:43  Hydralisk  
  94  6:45  Pneumatized Carapace  
  96  6:52  Drone  
  96  6:53  Hydralisk x2  
  96  6:54  Hydralisk  
  96  7:00  Spore Crawler, Extractor  
  96  7:01  Drone x3  
  103  7:02  Extractor  
  103  7:07  Hydralisk  
  103  7:08  Hydralisk x2  
  106  7:12  Overlord x2  
  108  7:17  Hydralisk x2  
  112  7:23  Infestation Pit  
  112  7:25  Grooved Spines  
  112  7:26  Hydralisk x2  
  111  7:32  Drone x3  
  111  7:33  Drone x3  
  111  7:35  Hydralisk  
  119  7:37  Overlord  
  119  7:42  Nydus Network  
  118  7:47  Hydralisk  
  118  7:50  Overlord x4  
  119  8:00  Spore Crawler, Lurker  
  119  8:01  Lurker  
  120  8:08  Hydralisk x2  
  120  8:10  Overseer  
  120  8:11  Zergling x2  
  120  8:12  Zerg Missile Weapons Level 2, Zergling x4  
  123  8:13  Drone x3  
  126  8:20  Hydralisk x4  
  126  8:24  Hive  
  126  8:25  Lurker x2  
  135  8:41  Hatchery, Hydralisk x2  
  135  8:42  Hydralisk x2  
  135  8:47  Nydus Canal  
  135  8:48  Hydralisk x4  
  150  9:04  Overlord x3  
  150  9:05  Overlord  
  149  9:19  Overlord  
  149  9:20  Overlord x2  
  149  9:23  Spire  
  145  9:28  Nydus Canal  
  143  9:34  Hydralisk x3  
  143  9:35  Hydralisk x2  
  133  9:47  Hydralisk x10  
  133  9:48  Hydralisk  
  133  9:52  Hydralisk x5  
  144  9:57  Adaptive Talons  
  144  9:58  Zergling x4  
  144  9:59  Zergling x6  
  150  10:02  Lurker x2  
  150  10:05  Drone x3  
  155  10:11  Overseer  
  155  10:13  Hydralisk x2  
  155  10:14  Extractor, Hydralisk x2  
  154  10:18  Extractor  
  154  10:21  Zergling x8  
  152  10:29  Drone  
  152  10:32  Drone x2  
  152  10:35  Nydus Canal  
  155  10:38  Greater Spire  
  155  10:45  Overseer  
  155  10:47  Corruptor x4  
  165  10:50  Drone x3  
  165  10:52  Overlord  
  165  10:55  Corruptor x2  
  166  11:15  Nydus Canal  
  166  11:16  Corruptor x3  
  162  11:28  Corruptor x3  
  162  11:32  Drone x5  
  173  11:33  Spore Crawler, Drone x2  
  173  11:34  Spine Crawler  
  173  11:35  Spine Crawler  
  172  11:40  Spore Crawler  
  172  11:41  Spore Crawler  
  172  11:45  Corruptor  
  172  11:52  Brood Lord x3  
  178  11:56  Brood Lord  
  166  12:11  Hydralisk x4  
  166  12:12  Hydralisk x2  
  139  12:24  Drone x3, Hydralisk x5  
  139  12:25  Hydralisk  
  123  12:30  Drone x4  
  123  12:31  Drone x6  
  123  12:35  Drone  
  123  12:36  Drone  
  123  12:44  Drone x3  
  123  12:48  Drone x2  
  122  13:07  Hatchery  
  122  13:10  Corruptor  
Tags
 
Add a new tag
Caveats
  • Supply blocks, unpowered buildings, or Contaminate may cause inaccurate times.
  • Supply counts are checked every 10 seconds.